Map: Eternal Empire LE

Players

Freak - Winner!

  • Race: Protoss Protoss
  • League: Master
  • Spawn Location: 1:00

A.I. 1 (Very Easy)

  • Race: Terran Terran
  • Spawn Location: 7:00

VOD

Have the link to the VOD?

Description

Time

  • Played on: June 4, 2020, 9:32 p.m.
  • Length: 5:58
Show
View Real Time Build Order
Export as new Build Order

Freak Protoss - Winner!

Build Orders: 1 Gate Expand, Blink Stalkers 

Get SALT Encoding   

  12  0:01  Probe  
  13  0:13  Probe  
  14  0:17  Pylon  
  14  0:27  Probe  
  15  0:39  Probe  
  16  0:42  Gateway  
  16  0:46  Assimilator  
  16  0:51  Probe  
  17  1:03  Probe  
  18  1:15  Probe  
  19  1:29  Probe  
  19  1:31  Cybernetics Core  
  20  1:40  Nexus  
  20  1:44  Pylon  
  20  1:45  Probe  
  21  1:53  Assimilator  
  21  1:57  Probe  
  22  2:04  Adept (Chrono Boost)  
  22  2:08  Warp Gate  
  24  2:09  Probe  
  25  2:22  Twilight Council  
  25  2:23  Probe  
  25  2:28  Stalker (Chrono Boost)  
  26  2:36  Probe  
  29  2:49  Probe  
  30  2:53  Probe (Chrono Boost), Stalker  
  33  3:04  Robotics Facility  
  33  3:05  Probe (Chrono Boost)  
  35  3:06  Probe (Chrono Boost)  
  35  3:13  Probe (Chrono Boost)  
  35  3:15  Probe (Chrono Boost)  
  37  3:20  Probe  
  37  3:22  Blink (Chrono Boost)  
  37  3:25  Probe  
  39  3:31  Gateway  
  39  3:32  Gateway  
  37  3:42  Probe  
  37  3:44  Probe  
  39  3:50  Gateway  
  39  3:53  Warp Prism (Chrono Boost)  
  39  3:54  Probe  
  40  3:56  Probe  
  43  4:06  Pylon  
  43  4:07  Probe  
  44  4:10  Pylon, Stalker  
  46  4:22  Pylon  
  46  4:24  Probe, Observer  
  46  4:26  Stalker x2  
  52  4:32  Assimilator  
  52  4:37  Stalker  
  54  4:39  Pylon  
  54  4:48  Stalker  
  54  4:52  Stalker x2  
  60  4:56  Probe  
  60  4:58  Pylon, Probe  
  62  5:01  Stalker  
  64  5:14  Stalker  
  64  5:20  Stalker  
  68  5:21  Stalker  
  70  5:30  Probe (Chrono Boost)  
  72  5:36  Probe (Chrono Boost)  
  72  5:37  Stalker  
  72  5:41  Probe (Chrono Boost)  
  76  5:43  Nexus  
  76  5:48  Probe x2 (Chrono Boost)  
  77  5:50  Assimilator  
  77  5:56  Robotics Bay  
Show
View Real Time Build Order
Export as new Build Order

A.I. 1 (Very Easy) Terran 

Build Orders:  

Get SALT Encoding   

  12  0:00  SCV  
  13  0:13  SCV  
  14  0:18  Supply Depot  
  14  0:36  Refinery  
  14  0:42  Barracks  
  14  1:05  Supply Depot  
  14  1:13  Refinery  
  14  1:30  Orbital Command, Marine  
  15  1:56  SCV  
  16  2:08  SCV  
  17  2:12  Marine  
  18  2:20  SCV  
  19  2:31  Barracks Tech Lab  
  19  2:32  SCV  
  20  2:44  SCV  
  21  2:55  Marauder  
  21  2:56  SCV  
  24  4:47  SCV  
  24  5:25  Marauder  
  24  5:26  Supply Depot  
  22  5:33  SCV  
  15  5:45  SCV  
Tags
 
Add a new tag
Caveats
  • Supply blocks, unpowered buildings, or Contaminate may cause inaccurate times.
  • Supply counts are checked every 10 seconds.